 Dungeon Crawl Stone Soup version 0.17-a0-2093-gc772f4b (webtiles) character file.

433 derrpe the Magician (level 6, -1/36 HPs)
             Began as a High Elf Wizard on Oct 17, 2015.
             Slain by a troll (9 damage)
             ... on level 4 of the Dungeon.
             The game lasted 00:06:44 (4970 turns).

derrpe the Magician (High Elf Wizard)               Turns: 4970, Time: 00:06:44

Health: -1/36      AC:  4    Str:  6    XL:     6   Next: 67%
Magic:  5/14       EV: 12    Int: 24    God:
Gold:   154        SH:  0    Dex: 14    Spells: 4 memorised, 6 levels left

rFire  + . .     SeeInvis .     D - +1 short sword (speed)
rCold  x . .     Clarity  .     u - +2 robe {MR+}
rNeg   . . .     SustAt   .     (no shield)
rPois  .         Gourm    .     b - +0 hat
rElec  .         Spirit   .     (no cloak)
rCorr  +         Warding  .     (no gloves)
rMut   .         Stasis   .     (no boots)
MR     +....                    h - amulet of resist corrosion (curse)
Stlth  ++........               (no ring)
                                x - ring of fire

@: somewhat resistant to hostile enchantments, unstealthy
A: no striking features
a: no special abilities


You were on level 4 of the Dungeon.
You were not hungry.

You visited 2 branches of the dungeon, and saw 5 of its levels.

You collected 154 gold pieces.

Inventory:

Hand Weapons
 w - a +0 long sword
 D - a +1 short sword of speed (weapon)
Missiles
 a - 15 arrows of frost
 e - 8 tomahawks (quivered)
 k - 109 stones
 m - 10 poisoned needles
Armour
 b - a +0 hat (worn)
 u - a +2 robe of magic resistance (worn)
Jewellery
 h - a cursed amulet of resist corrosion (around neck)
 x - a ring of fire (left hand)
 E - an uncursed amulet of resist corrosion
Wands
 t - a wand of random effects (38)
Scrolls
 f - a scroll of enchant weapon
 j - 3 scrolls of identify
 l - a scroll of teleportation
 q - a scroll of fear {unknown}
 y - a scroll of amnesia {unknown}
Potions
 g - a potion of brilliance {unknown}
 i - a potion of mutation {unknown}
 n - a potion of flight {unknown}
 o - a potion of invisibility {unknown}
 p - a potion of cancellation {unknown}
 r - a potion of heal wounds {unknown}
 v - a potion of haste {unknown}
 z - a potion of curing {unknown}
 B - 3 potions of magic {unknown}
 C - a potion of poison {unknown}
Books
 c - a book of Minor Magic

   Spells                             Type                      Level
   a - Magic Dart                     Conjuration                  1
   b - Blink                          Translocation                2
   c - Call Imp                       Summoning                    2
   d - Repel Missiles                 Charms/Air                   2
   e - Slow                           Hexes                        2
   f - Conjure Flame                  Conjuration/Fire             3
   g - Mephitic Cloud                 Conjuration/Poison/Air       3
Comestibles
 d - 4 bread rations {@e1}
 s - a meat ration {@e2}


   Skills:
 - Level 2.1 Dodging
 - Level 2.1 Stealth
 + Level 4.7 Spellcasting
 * Level 4.4 Conjurations
   Level 0.8 Summonings
 - Level 1.1 Translocations
 * Level 4.0 Air Magic
 * Level 2.5 Poison Magic


You had 6 spell levels left.
You knew the following spells:

 Your Spells              Type           Power        Failure   Level  Hunger
a - Magic Dart            Conj           ####         1%          1    None
b - Blink                 Tloc           N/A          12%         2    None
c - Repel Missiles        Chrm/Air       ###...       8%          2    None
d - Mephitic Cloud        Conj/Pois/Air  ###.....     10%         3    ##.....


Dungeon Overview and Level Annotations

Branches:
Dungeon (4/15)             Temple (1/1) D:4

Altars:
Cheibriados
Dithmenos
Elyvilon
Fedhas
Gozag
Nemelex Xobeh
Ru
Sif Muna
Trog
Yredelemnul
Zin
The Shining One


Message History

The troll is heavily wounded.
Casting: Magic Dart
Confirm with . or Enter, or press ? or * to list all spells.
Aiming: Magic Dart
Press: ? - help, Shift-Dir - straight line, f/p - troll
Aim: a troll (heavily wounded)
The magic dart hits the troll.
The troll is heavily wounded.
The troll bites you! The troll claws you.
* * * LOW HITPOINT WARNING * * *
The troll barely misses you.
Casting: Magic Dart
Confirm with . or Enter, or press ? or * to list all spells.
Aiming: Magic Dart
Press: ? - help, Shift-Dir - straight line, f/p - troll
Aim: a troll (heavily wounded)
The magic dart hits the troll.
The troll is severely wounded.
The troll closely misses you. The troll claws you!
You die...

.†......+...#.....#..#.........#÷
##.####+#...+.....#..##.##.##.##+
#.#........#.....#.............#
+.'........#.....#....S........#
###.....#+##.....#........[....#
#......#........#.............#
+......#.##.....#.............#
#......# #.....###'#...>.....#
###....# +...@T....+.........#
+....# #.........#.........#
..... #.........#.........#
+.....##..#.........#
#.....##..#.........#
#......[..+.........#
#......##..#.........#
#......##..#.........# .... +..+


You could see a troll.

Vanquished Creatures
  Sigmund (D:2)
  A phantom (D:3)
  Jessica (D:3)
  Natasha (D:3)
  A gnoll (D:1)
  5 adders
  An adder skeleton (D:4)
  3 worms (D:2)
  2 giant geckos
  An orc (D:4)
  4 giant cockroaches
  4 goblins
  10 hobgoblins
  3 jackals
  11 kobolds
  A quokka (D:2)
  6 bats
  2 giant newts
  8 rats
66 creatures vanquished.

Notes
Turn   | Place    | Note
--------------------------------------------------------------
     0 | D:1      | derrpe the High Elf Wizard began the quest for the Orb.
     0 | D:1      | Reached XP level 1. HP: 11/11 MP: 6/6
   401 | D:1      | Reached XP level 2. HP: 10/17 MP: 2/7
   799 | D:1      | Reached skill level 4 in Spellcasting
   890 | D:1      | Reached XP level 3. HP: 21/21 MP: 7/9
  1033 | D:1      | Learned a level 2 spell: Blink
  1036 | D:1      | Learned a level 2 spell: Repel Missiles
  1040 | D:1      | Learned a level 3 spell: Mephitic Cloud
  2143 | D:2      | Noticed Sigmund
  2186 | D:2      | Killed Sigmund
  2186 | D:2      | Reached skill level 1 in Poison Magic
  2186 | D:2      | Reached XP level 4. HP: 16/27 MP: 1/11
  2186 | D:2      | Reached XP level 5. HP: 18/31 MP: 1/12
  3275 | D:3      | Noticed Jessica
  3278 | D:3      | Killed Jessica
  3550 | D:3      | Noticed a phantom
  3634 | D:3      | Killed a phantom
  3634 | D:3      | Reached XP level 6. HP: 18/36 MP: 4/13
  4086 | D:3      | Noticed Natasha
  4136 | D:3      | Killed Natasha
  4595 | D:4      | Found a staircase to the Ecumenical Temple.
  4659 | D:4      | Noticed a troll
  4664 | Temple   | Entered the Ecumenical Temple
  4970 | D:4      | Slain by a troll

Vault maps used:
D:1:      lemuel_arrival_broad_hall, serial_co_window_serial, co_window_cross_1,
          co_window_paths_b, co_window_corner_a, co_window_paths_b,
          co_window_paths_a, co_window_2corner, co_window_broadway_b,
          co_window_broadway_c, co_window_paths_e, glass_columns_a,
          minmay_ruptured
D:2:      first_bread, uniq_sigmund
D:3:      uniq_natasha, uniq_jessica
D:4:      led_xom_imps, minmay_temple_entry_large_hall, serial_shops,
          kennysheep_little_box, serial_park_tiny_pond, serial_bayou_pond_a,
          uniq_eustachio, uniq_edmund
Temple:   oiseaux_autumnal_temple_12

Action                   |  1- 3 |  4- 6 || total
-------------------------+-------+-------++-------
Melee: Dagger            |    15 |       ||    15
Throw: Stone             |     5 |       ||     5
       Tomahawk          |     2 |       ||     2
 Cast: Magic Dart        |    96 |   103 ||   199
       Mephitic Cloud    |     2 |     3 ||     5
       Blink             |       |     1 ||     1
Evoke: Wand              |       |     4 ||     4
  Use: Scroll            |       |     6 ||     6
 Stab: Confused          |     4 |       ||     4
  Eat: Chunk             |     3 |     7 ||    10
       Meat ration       |       |     1 ||     1
       Pizza             |       |     1 ||     1
